General information
- name: BNet
- type: Ladder team game (AT/RT)
- host: Battle.net
- saver: Ze.Rath3isaFaig
map: Deadlock
- players: 8
- length: 24:45
- speed: Fast
- version: 1.23 W3XP
- replay type: Public
» download(259 KB)
Players
team 1 (loser)
Ibos. (
red | 108 APM | 2656 actions | 24:41)
5 Blademaster
3 Wind Walk
2 Critical Strike
» actions
| Assign group hotkey | 63 | |
| Basic commands | 112 | |
| Build / train | 69 | |
| ESC pressed | 5 | |
| Enter build submenu | 24 | |
| Enter hero's abilities submenu | 5 | |
| Give item / drop item | 1 | |
| Remove unit from queue | 2 | |
| Right click | 934 | |
| Select / deselect | 259 | |
| Select group hotkey | 1082 | |
| Use ability | 100 | |
2656 total
» units
| Peon | 10 | |
| Grunt | 3 | |
| Shaman | 3 | |
| Tauren | 6 | |
| Kodo Beast | 1 | |
| Troll Witch Doctor | 2 | |
| Troll Batrider | 3 | |
28 total
» upgrades
| Shaman Training | 2 | |
| Reinforced Defenses | 1 | |
| Pulverize | 1 | |
| Pillage | 1 | |
| Witch Doctor Training | 2 | |
| Armor | 1 | |
| War Drums Damage Increase | 1 | |
| Melee Weapons | 1 | |
10 total
» buildings
| Altar of Storms | 1 | |
| Orc Burrow | 5 | |
| Voodoo Lounge | 2 | |
| Stronghold | 1 | |
| Barracks | 1 | |
| Fortress | 1 | |
| Spirit Lodge | 1 | |
| War Mill | 1 | |
| Great Hall | 3 | |
| Watch Tower | 3 | |
| Tauren Totem | 1 | |
| Beastiary | 2 | |
22 total
» build order
00:06 Altar of Storms
00:17 Orc Burrow
00:35 Voodoo Lounge
00:40 Voodoo Lounge
02:12 Stronghold
02:32 Barracks
03:27 Orc Burrow
04:44 Fortress
05:25 Spirit Lodge
05:27 War Mill
06:23 Great Hall
07:18 Watch Tower
07:19 Watch Tower
07:40 Tauren Totem
07:44 Watch Tower
09:38 Beastiary
11:28 Orc Burrow
13:57 Orc Burrow
14:32 Orc Burrow
17:40 Great Hall
19:11 Beastiary
22:52 Great Hall
» items
| Healing Salve | 4 | |
| Scroll of Speed | 2 | |
| Lesser Clarity Potion | 7 | |
| Boots of Speed | 1 | |
| Staff of Teleportation | 1 | |
| Orb of Lightning | 1 | |
| Potion of Healing | 2 | |
| Scroll of Town Portal | 3 | |
21 total
only_sexy_guys (
teal | 54 APM | 1306 actions | 24:09)
4 Death Knight
2 Death Coil
1 Unholy Aura
1 Death Pact
2 Lich
1 Frost Nova
1 Frost Armor
1 Crypt Lord
1 Impale
» actions
| Assign group hotkey | 19 | |
| Build / train | 56 | |
| Enter build submenu | 22 | |
| Enter hero's abilities submenu | 7 | |
| Right click | 607 | |
| Select / deselect | 291 | |
| Select group hotkey | 229 | |
| Use ability | 75 | |
1306 total
» units
| Acolyte | 8 | |
| Ghoul | 4 | |
| Crypt Fiend | 11 | |
| Obsidian Statue | 2 | |
| Frost Wyrm | 2 | |
27 total
» upgrades
| Creature Attack | 2 | |
| Creature Carapace | 1 | |
| Web | 1 | |
| Burrow | 1 | |
| Destroyer Form | 1 | |
| Freezing Breath | 1 | |
7 total
» buildings
| Graveyard | 1 | |
| Crypt | 1 | |
| Ziggurat | 9 | |
| Altar of Darkness | 1 | |
| Tomb of Relics | 1 | |
| Halls of the Dead | 1 | |
| Spirit Tower | 3 | |
| Nerubian Tower | 1 | |
| Slaughterhouse | 1 | |
| Black Citadel | 1 | |
| Sacrificial Pit | 1 | |
| Boneyard | 2 | |
23 total
» build order
00:07 Graveyard
00:08 Crypt
00:38 Ziggurat
00:58 Altar of Darkness
01:54 Tomb of Relics
02:23 Ziggurat
03:51 Ziggurat
04:28 Halls of the Dead
07:06 Spirit Tower
07:08 Nerubian Tower
07:10 Ziggurat
08:42 Slaughterhouse
08:46 Ziggurat
09:33 Black Citadel
09:36 Spirit Tower
10:58 Sacrificial Pit
11:38 Ziggurat
11:39 Ziggurat
12:52 Spirit Tower
14:22 Boneyard
14:26 Boneyard
14:43 Ziggurat
18:11 Ziggurat
» items
| Rod of Necromancy | 1 | |
| Scroll of Town Portal | 3 | |
| Potion of Healing | 1 | |
| Orb of Fire | 1 | |
6 total

»
REMAKETHISACCT (
pink | 102 APM | 2474 actions | 24:10)
4 Death Knight
2 Death Coil
2 Unholy Aura
2 Lich
1 Frost Nova
1 Frost Armor
2 Dreadlord
1 Sleep
1 Carrion Swarm
» actions
| Assign group hotkey | 37 | |
| Build / train | 71 | |
| Enter build submenu | 23 | |
| Enter hero's abilities submenu | 8 | |
| Give item / drop item | 2 | |
| Remove unit from queue | 1 | |
| Right click | 1055 | |
| Select / deselect | 326 | |
| Select group hotkey | 853 | |
| Use ability | 98 | |
2474 total
» units
| Acolyte | 5 | |
| Ghoul | 4 | |
| Crypt Fiend | 6 | |
| Frost Wyrm | 6 | |
| Obsidian Statue | 1 | |
22 total
» upgrades
| Web | 1 | |
| Creature Carapace | 3 | |
| Destroyer Form | 1 | |
| Freezing Breath | 1 | |
| Creature Attack | 2 | |
8 total
» buildings
| Graveyard | 1 | |
| Crypt | 1 | |
| Ziggurat | 9 | |
| Altar of Darkness | 1 | |
| Tomb of Relics | 1 | |
| Halls of the Dead | 1 | |
| Nerubian Tower | 2 | |
| Black Citadel | 1 | |
| Spirit Tower | 4 | |
| Sacrificial Pit | 1 | |
| Boneyard | 2 | |
| Slaughterhouse | 3 | |
27 total
» build order
00:13 Graveyard
00:15 Crypt
00:39 Ziggurat
00:56 Altar of Darkness
01:44 Ziggurat
02:00 Tomb of Relics
03:40 Ziggurat
04:46 Halls of the Dead
06:39 Nerubian Tower
07:41 Ziggurat
07:42 Ziggurat
08:22 Black Citadel
08:24 Ziggurat
08:26 Ziggurat
08:41 Spirit Tower
08:46 Sacrificial Pit
09:17 Spirit Tower
09:19 Nerubian Tower
10:54 Boneyard
11:05 Boneyard
11:16 Spirit Tower
11:29 Spirit Tower
16:52 Slaughterhouse
16:57 Slaughterhouse
17:03 Slaughterhouse
18:28 Ziggurat
18:29 Ziggurat
» items
| Rod of Necromancy | 2 | |
| Scroll of Regeneration | 1 | |
| Lesser Clarity Potion | 1 | |
| Dust of Appearance | 2 | |
| Potion of Healing | 4 | |
| Orb of Corruption | 1 | |
| Potion of Mana | 2 | |
| Scroll of Town Portal | 4 | |
| Potion of Lesser Invulnerability | 1 | |
| Scroll of Protection | 2 | |
| Scroll of Healing | 1 | |
21 total
SlaughteR_PlaZe (
green | 89 APM | 2204 actions | 24:44)
3 Mountain King
2 Storm Bolt
1 Bash
2 Paladin
1 Holy Light
1 Divine Shield
» actions
| Assign group hotkey | 117 | |
| Basic commands | 46 | |
| Build / train | 83 | |
| Enter build submenu | 27 | |
| Enter hero's abilities submenu | 5 | |
| Right click | 809 | |
| Select / deselect | 367 | |
| Select group hotkey | 656 | |
| Use ability | 94 | |
2204 total
» units
| Peasant | 20 | |
| Rifleman | 16 | |
| Mortar Team | 12 | |
48 total
» upgrades
| Gunpowder | 3 | |
| Long Rifles | 1 | |
| Flare | 1 | |
| Lumber Harvesting | 2 | |
| Fragmentation Shards | 1 | |
| Masonry | 3 | |
| Armor | 2 | |
13 total
» buildings
| Farm | 13 | |
| Altar of Kings | 2 | |
| Blacksmith | 1 | |
| Barracks | 1 | |
| Scout Tower | 1 | |
| Arcane Tower | 1 | |
| Arcane Vault | 1 | |
| Keep | 1 | |
| Town Hall | 2 | |
| Workshop | 3 | |
| Lumber Mill | 1 | |
| Castle | 1 | |
28 total
» build order
00:36 Farm
00:38 Farm
00:51 Altar of Kings
01:07 Blacksmith
01:15 Barracks
01:40 Scout Tower
02:21 Arcane Tower
02:37 Farm
03:00 Farm
03:02 Farm
03:47 Arcane Vault
05:13 Keep
06:28 Town Hall
07:54 Workshop
08:59 Lumber Mill
09:22 Castle
09:34 Farm
09:34 Farm
11:30 Workshop
13:30 Altar of Kings
14:09 Farm
14:10 Farm
14:13 Farm
14:13 Farm
14:33 Farm
14:34 Farm
15:04 Workshop
20:32 Town Hall
» items
| Scroll of Regeneration | 5 | |
| Lesser Clarity Potion | 3 | |
| Scroll of Town Portal | 4 | |
12 total
team 2 (winner)
Ze.Rath3isaFaig (
purple | 72 APM | 1772 actions | 24:45)
6 Priestess of the Moon
3 Trueshot Aura
1 Scout
1 Searing Arrows
1 Starfall
» actions
| Assign group hotkey | 21 | |
| Basic commands | 547 | |
| Build / train | 86 | |
| Enter build submenu | 21 | |
| Enter hero's abilities submenu | 6 | |
| Give item / drop item | 2 | |
| Remove unit from queue | 1 | |
| Right click | 410 | |
| Select / deselect | 381 | |
| Select group hotkey | 233 | |
| Use ability | 64 | |
1772 total
» units
| Wisp | 21 | |
| Huntress | 6 | |
| Druid of the Talon | 9 | |
| Dryad | 5 | |
| Chimaera | 7 | |
| Druid of the Claw | 3 | |
51 total
» upgrades
| Abolish Magic | 1 | |
| Druid of the Claw Training | 2 | |
| Druid of the Talon Training | 1 | |
| Strength of the Wild | 2 | |
| Reinforced Hides | 1 | |
| Corrosive Breath | 1 | |
8 total
» buildings
| Altar of Elders | 1 | |
| Moon Well | 6 | |
| Hunter's Hall | 1 | |
| Ancient of War | 2 | |
| Tree of Ages | 1 | |
| Tree of Life | 1 | |
| Ancient Protector | 3 | |
| Ancient of Lore | 1 | |
| Ancient of Wind | 1 | |
| Tree of Eternity | 1 | |
| Chimaera Roost | 2 | |
20 total
» build order
00:15 Altar of Elders
00:22 Moon Well
01:23 Hunter's Hall
01:48 Ancient of War
02:10 Ancient of War
02:29 Moon Well
03:00 Moon Well
05:57 Tree of Ages
06:07 Tree of Life
06:38 Ancient Protector
07:55 Ancient Protector
08:00 Ancient Protector
09:57 Ancient of Lore
10:00 Ancient of Wind
10:40 Tree of Eternity
13:09 Chimaera Roost
13:10 Chimaera Roost
14:01 Moon Well
14:02 Moon Well
21:55 Moon Well
» items
| Scroll of Town Portal | 4 | |
| Potion of Lesser Invulnerability | 1 | |
| Scroll of Healing | 5 | |
| Scroll of Protection | 3 | |
| Boots of Speed | 1 | |
| Scroll of Speed | 1 | |
15 total
lP-ll-lVl-lP (
yellow | 86 APM | 2118 actions | 24:45)
6 Blademaster
3 Wind Walk
2 Critical Strike
1 Bladestorm
» actions
| Assign group hotkey | 23 | |
| Basic commands | 1 | |
| Build / train | 98 | |
| ESC pressed | 7 | |
| Enter build submenu | 23 | |
| Enter hero's abilities submenu | 6 | |
| Remove unit from queue | 1 | |
| Right click | 872 | |
| Select / deselect | 603 | |
| Select group hotkey | 328 | |
| Use ability | 156 | |
2118 total
» units
| Peon | 28 | |
| Grunt | 4 | |
| Troll Batrider | 7 | |
| Shaman | 8 | |
| Troll Witch Doctor | 5 | |
52 total
» upgrades
| Pillage | 1 | |
| Liquid Fire | 1 | |
| Shaman Training | 2 | |
| Witch Doctor Training | 2 | |
6 total
» buildings
| Altar of Storms | 1 | |
| Orc Burrow | 4 | |
| Barracks | 1 | |
| Stronghold | 4 | |
| Voodoo Lounge | 3 | |
| Fortress | 4 | |
| Beastiary | 2 | |
| War Mill | 1 | |
| Great Hall | 4 | |
| Spirit Lodge | 3 | |
27 total
» build order
00:17 Altar of Storms
00:25 Orc Burrow
00:55 Barracks
01:48 Orc Burrow
02:42 Stronghold
02:42 Stronghold
03:32 Voodoo Lounge
04:14 Orc Burrow
05:03 Fortress
05:03 Fortress
05:06 Beastiary
05:12 Beastiary
05:27 War Mill
06:19 Orc Burrow
07:39 Great Hall
10:55 Voodoo Lounge
11:52 Voodoo Lounge
12:45 Spirit Lodge
13:00 Spirit Lodge
16:48 Great Hall
19:27 Spirit Lodge
20:39 Great Hall
22:04 Great Hall
» items
| Scroll of Speed | 1 | |
| Lesser Clarity Potion | 5 | |
| Healing Salve | 3 | |
| Scroll of Town Portal | 2 | |
| Scroll of Regeneration | 1 | |
| Potion of Healing | 4 | |
| Potion of Mana | 1 | |
| Orb of Lightning | 1 | |
| Potion of Lesser Invulnerability | 1 | |
19 total
KNIFE]NOOBELF (
blue | 122 APM | 3010 actions | 24:45)
4 Mountain King
2 Storm Bolt
2 Thunder Clap
5 Archmage
3 Summon Water Elemental
2 Brilliance Aura
» actions
| Assign group hotkey | 111 | |
| Basic commands | 14 | |
| Build / train | 73 | |
| ESC pressed | 2 | |
| Enter build submenu | 29 | |
| Enter hero's abilities submenu | 9 | |
| Remove unit from queue | 4 | |
| Right click | 1319 | |
| Select / deselect | 331 | |
| Select group hotkey | 1038 | |
| Use ability | 80 | |
3010 total
» units
| Peasant | 14 | |
| Footman | 3 | |
| Rifleman | 2 | |
| Flying Machine | 3 | |
| Mortar Team | 10 | |
| Siege Engine | 6 | |
38 total
» upgrades
| Lumber Harvesting | 1 | |
| Flare | 1 | |
| Gunpowder | 3 | |
| Fragmentation Shards | 1 | |
| Flak Cannons | 1 | |
| Barrage | 1 | |
| Plating | 1 | |
9 total
» buildings
| Lumber Mill | 1 | |
| Altar of Kings | 1 | |
| Farm | 9 | |
| Barracks | 1 | |
| Scout Tower | 6 | |
| Keep | 1 | |
| Arcane Tower | 2 | |
| Guard Tower | 2 | |
| Blacksmith | 1 | |
| Workshop | 3 | |
| Arcane Vault | 1 | |
| Castle | 1 | |
| Town Hall | 2 | |
31 total
» build order
00:22 Lumber Mill
00:25 Altar of Kings
00:36 Farm
00:52 Barracks
01:08 Farm
01:57 Farm
02:07 Scout Tower
02:12 Scout Tower
02:15 Scout Tower
02:24 Farm
03:08 Keep
03:10 Arcane Tower
03:17 Guard Tower
03:25 Scout Tower
03:27 Scout Tower
03:54 Blacksmith
03:58 Arcane Tower
05:11 Scout Tower
05:40 Workshop
05:42 Guard Tower
07:19 Workshop
07:33 Farm
08:29 Farm
08:43 Arcane Vault
09:10 Farm
10:05 Castle
13:05 Farm
13:05 Farm
19:33 Town Hall
20:22 Workshop
22:26 Town Hall
» items
| Scroll of Regeneration | 1 | |
| Scroll of Town Portal | 3 | |
| Scroll of Protection | 1 | |
5 total
Lezenfor (
orange | 142 APM | 3509 actions | 24:45)
5 Death Knight
3 Death Coil
2 Unholy Aura
2 Lich
1 Frost Nova
1 Frost Armor
» actions
| Assign group hotkey | 201 | |
| Basic commands | 268 | |
| Build / train | 82 | |
| ESC pressed | 7 | |
| Enter build submenu | 21 | |
| Enter hero's abilities submenu | 7 | |
| Give item / drop item | 2 | |
| Remove unit from queue | 3 | |
| Right click | 1483 | |
| Select / deselect | 479 | |
| Select group hotkey | 822 | |
| Use ability | 134 | |
3509 total
» units
| Acolyte | 4 | |
| Ghoul | 3 | |
| Crypt Fiend | 16 | |
| Frost Wyrm | 4 | |
27 total
» upgrades
| Creature Attack | 3 | |
| Cannibalize | 0 | |
| Burrow | 1 | |
| Web | 1 | |
| Creature Carapace | 2 | |
7 total
» buildings
| Graveyard | 1 | |
| Crypt | 1 | |
| Ziggurat | 6 | |
| Altar of Darkness | 1 | |
| Tomb of Relics | 1 | |
| Nerubian Tower | 1 | |
| Halls of the Dead | 4 | |
| Black Citadel | 6 | |
| Sacrificial Pit | 1 | |
| Boneyard | 2 | |
24 total
» build order
00:12 Graveyard
00:18 Crypt
00:43 Ziggurat
01:03 Altar of Darkness
01:11 Tomb of Relics
01:42 Ziggurat
02:37 Nerubian Tower
03:44 Ziggurat
04:42 Halls of the Dead
04:42 Halls of the Dead
04:42 Halls of the Dead
06:06 Ziggurat
08:48 Black Citadel
08:48 Black Citadel
08:48 Black Citadel
08:49 Black Citadel
08:58 Ziggurat
09:45 Sacrificial Pit
11:49 Boneyard
14:30 Ziggurat
17:09 Boneyard
» items
| Rod of Necromancy | 2 | |
| Scroll of Healing | 5 | |
| Potion of Lesser Invulnerability | 2 | |
| Scroll of Protection | 5 | |
| Orb of Corruption | 1 | |
| Potion of Healing | 1 | |
| Scroll of Town Portal | 2 | |
| Potion of Mana | 1 | |
19 total
Chat log
(00:05 / Allies) Lezenfor: fiends
(00:08 / All) KNIFE]NOOBELF: yay
(00:13 / All) KNIFE]NOOBELF: wes's ell is higher
(00:13 / All) Ibos.: ¿?
(00:27 / All) Lezenfor: gl
(00:29 / All) Lezenfor: hf
(00:37 / Allies) lP-ll-lVl-lP: where was my ell
(00:44 / Allies) KNIFE]NOOBELF: below me i think
(00:47 / Allies) KNIFE]NOOBELF: idk
(00:47 / Allies) lP-ll-lVl-lP: u 4th?
(00:56 / Allies) Lezenfor: thx
(01:03 / All) lP-ll-lVl-lP: mike
(01:05 / All) REMAKETHISACCT: yea
(01:08 / All) lP-ll-lVl-lP: were was my ell
(01:15 / All) REMAKETHISACCT: u were 2nd behind zerath
(01:17 / All) REMAKETHISACCT: on team 2
(01:22 / All) lP-ll-lVl-lP: who was 1st overall
(01:26 / All) REMAKETHISACCT: umm ibos
(01:34 / All) lP-ll-lVl-lP: i almost didnt come back up
(01:43 / Allies) KNIFE]NOOBELF: i know im gonna regret getting AM
(01:44 / All) lP-ll-lVl-lP: i found a bottle of vodka in my freezr
(01:52 / Allies) lP-ll-lVl-lP: remake gonna nuke it
(01:53 / Allies) lP-ll-lVl-lP: like a lil girl
(01:58 / All) REMAKETHISACCT: u woulda ruined the closest thing to non retared game in rt ull ever get
(02:08 / All) lP-ll-lVl-lP: i cmae back tho
(02:17 / All) Lezenfor: keepin
(02:25 / All) lP-ll-lVl-lP: kevin called me today
(02:31 / All) REMAKETHISACCT: drowning?
(02:33 / All) lP-ll-lVl-lP: ye
(02:40 / All) REMAKETHISACCT: wtf he has ur #
(02:47 / All) lP-ll-lVl-lP: ye
(02:58 / All) lP-ll-lVl-lP: so does xavier
(03:01 / All) lP-ll-lVl-lP: but he still mad at me
(03:05 / All) lP-ll-lVl-lP: cuz like 5 years ago we ruin his clan
(03:11 / All) REMAKETHISACCT: bamf?
(03:14 / All) lP-ll-lVl-lP: ye
(03:30 / All) KNIFE]NOOBELF: yo
(03:33 / All) KNIFE]NOOBELF: that bm scared me
(03:34 / All) Ibos.: yo yo
(03:37 / All) KNIFE]NOOBELF: i literally yelled
(03:41 / All) KNIFE]NOOBELF: when it hit my peon
(04:07 / Allies) Ze.Rath3isaFaig: lol remake fails under pressure
(04:08 / All) lP-ll-lVl-lP: com on kid
(04:08 / Allies) Ze.Rath3isaFaig: it's awesome
(04:13 / Allies) Ze.Rath3isaFaig: we rush
(04:21 / All) lP-ll-lVl-lP: pls xpo mike
(04:21 / Allies) Ze.Rath3isaFaig: he'll have like 4 fiends until frost
(04:33 / All) lP-ll-lVl-lP: boom dead
(04:46 / All) lP-ll-lVl-lP: ty for weaken creeps for me bub
(04:46 / Allies) Ze.Rath3isaFaig: lol you get them both?
(04:50 / Allies) lP-ll-lVl-lP: ye
(04:56 / Allies) lP-ll-lVl-lP: he got the fuckin energy thing tho
(04:59 / Allies) KNIFE]NOOBELF: chances red hacks?
(05:07 / Allies) Ze.Rath3isaFaig: yes
(05:08 / Allies) Ze.Rath3isaFaig: big chance
(05:14 / Allies) Ze.Rath3isaFaig: he creep jack you?
(05:20 / Allies) KNIFE]NOOBELF: at that one
(05:21 / All) lP-ll-lVl-lP: like them hax mike
(05:22 / Allies) Ze.Rath3isaFaig: yeah
(05:23 / Allies) Ze.Rath3isaFaig: see
(05:28 / Allies) Ze.Rath3isaFaig: he's done some crazy creep jacks on this map
(05:30 / Allies) Ze.Rath3isaFaig: i think he hacks
(05:32 / Allies) lP-ll-lVl-lP: i lie
(05:34 / Allies) lP-ll-lVl-lP: i dont hax
(05:37 / Allies) Ze.Rath3isaFaig: his excuse is
(05:43 / Allies) Ze.Rath3isaFaig: "of course the HU is going to expo there"
(05:58 / Allies) lP-ll-lVl-lP: remake tryin to xpo there
(06:21 / Allies) Ze.Rath3isaFaig: we decide after this game knife
(06:28 / Allies) Ze.Rath3isaFaig: but if he keeps it up, I think a ban is in store
(06:31 / Allies) KNIFE]NOOBELF: decide what
(06:49 / Allies) Ze.Rath3isaFaig: lmao
(07:00 / All) Ze.Rath3isaFaig: is that the excuse
(07:04 / All) Ze.Rath3isaFaig: "I was expoing there"
(07:48 / Allies) KNIFE]NOOBELF: wes put a few towers
(07:49 / All) Lezenfor: dont wast tp pl
(07:50 / Allies) KNIFE]NOOBELF: incase bat
(08:09 / Allies) Ze.Rath3isaFaig: out
(08:12 / All) lP-ll-lVl-lP: mass fiends
(08:44 / Allies) Ze.Rath3isaFaig: go check
(08:50 / Allies) lP-ll-lVl-lP: i got this niggre bm
(08:53 / Allies) lP-ll-lVl-lP: smackin my shop
(09:02 / Allies) Ze.Rath3isaFaig: you want chims or bear dryad knife
(09:31 / Allies) Lezenfor: wait
(09:46 / Allies) Ze.Rath3isaFaig: nm lets get expos come orange
(10:15 / Allies) KNIFE]NOOBELF: wait for me
(10:28 / Allies) Ze.Rath3isaFaig: i'm out
(10:35 / Allies) Ze.Rath3isaFaig: didn't know you were there knife srory
(10:57 / Allies) KNIFE]NOOBELF: meet all
(11:03 / Allies) Ze.Rath3isaFaig: lets go here
(11:13 / Allies) Lezenfor: scrolls
(11:20 / Allies) Ze.Rath3isaFaig: any spare wood?
(11:57 / Allies) Ze.Rath3isaFaig: where's yellow units?
(12:14 / Allies) Ze.Rath3isaFaig: get us some blood lust yellow if you can
(12:14 / Allies) KNIFE]NOOBELF: time to go
(12:32 / Allies) Ze.Rath3isaFaig: bolt
(12:36 / Allies) Ze.Rath3isaFaig: bolt nigga
(12:55 / Allies) KNIFE]NOOBELF: stop letting them play you
(12:56 / Allies) Ze.Rath3isaFaig: k go
(12:59 / Allies) Ze.Rath3isaFaig: ORANGE NO
(13:00 / Allies) Ze.Rath3isaFaig: COME NOW
(13:26 / Allies) Ze.Rath3isaFaig: wt fi sroagne doing
(13:40 / Allies) Ze.Rath3isaFaig: go fight
(13:47 / Allies) Ze.Rath3isaFaig: k out
(13:52 / Allies) Ze.Rath3isaFaig: thanks for being with us
(13:57 / Allies) Lezenfor: man
(13:59 / Allies) Lezenfor: defending
(14:02 / Allies) Lezenfor: sorry
(14:04 / Allies) KNIFE]NOOBELF: we said no
(14:05 / Allies) Lezenfor: go?
(14:13 / Allies) Ze.Rath3isaFaig: you have a million fiends and no frost yet
(14:17 / Allies) KNIFE]NOOBELF: yellow is a failure
(14:30 / Allies) KNIFE]NOOBELF: come now yellow
(14:34 / Allies) KNIFE]NOOBELF: ignore him fucking idiot
(14:36 / Allies) Ze.Rath3isaFaig: yellow has 2 bats
(14:41 / Allies) Lezenfor: ignore
(14:41 / Allies) Ze.Rath3isaFaig: he's nothing to us
(15:29 / Allies) Ze.Rath3isaFaig: go fight
(15:37 / Allies) Ze.Rath3isaFaig: blow up on the
(16:18 / Allies) Ze.Rath3isaFaig: out
(16:21 / Allies) Ze.Rath3isaFaig: you need forst and we need lust bad
(16:51 / Allies) Ze.Rath3isaFaig: one bone yard lol
(16:59 / Allies) Lezenfor: gold
(17:02 / Allies) Lezenfor: no expo
(17:12 / Allies) Lezenfor: thx
(17:12 / Allies) KNIFE]NOOBELF: games over
(17:16 / Allies) KNIFE]NOOBELF: yellow failed hard
(17:22 / Allies) Ze.Rath3isaFaig: he never tries
(17:29 / Allies) lP-ll-lVl-lP: lies
(17:32 / Allies) lP-ll-lVl-lP: sumtimes i do
(17:33 / Allies) Ze.Rath3isaFaig: if lust
(17:36 / Allies) Ze.Rath3isaFaig: is ready in time
(17:37 / Allies) KNIFE]NOOBELF: there is a difference between not trying and sucking dick idiot
(17:38 / Allies) Ze.Rath3isaFaig: we can still win
(17:39 / Allies) lP-ll-lVl-lP: i got lust
(18:00 / Allies) Ze.Rath3isaFaig: keep your tnaks
(18:02 / Allies) Ze.Rath3isaFaig: at your base knife
(18:03 / Allies) Ze.Rath3isaFaig: stop feeding
(18:05 / Allies) KNIFE]NOOBELF: no
(18:09 / Allies) KNIFE]NOOBELF: he has mass morts
(18:17 / Allies) Ze.Rath3isaFaig: lets meeet
(18:22 / Allies) Ze.Rath3isaFaig: tpn ow
(18:28 / Allies) Ze.Rath3isaFaig: all tp now
(18:39 / Allies) KNIFE]NOOBELF: nice tp oj
(18:57 / All) Ze.Rath3isaFaig: rofl raped
(19:17 / Allies) Ze.Rath3isaFaig: see lust carries
(19:18 / Allies) Ze.Rath3isaFaig: so much
(19:22 / Allies) Ze.Rath3isaFaig: it's ridiculous
(19:27 / Allies) Ze.Rath3isaFaig: go now
(19:28 / Allies) KNIFE]NOOBELF: if we win im killing myself
(19:36 / Allies) Ze.Rath3isaFaig: put down ards
(19:39 / Allies) Ze.Rath3isaFaig: so I can heal yellow
(19:40 / Allies) Ze.Rath3isaFaig: at his base
(20:12 / Allies) Ze.Rath3isaFaig: go i use the bird for his stupid ass
(20:24 / Allies) Ze.Rath3isaFaig: go hit now
(20:25 / Allies) Ze.Rath3isaFaig: leave my base
(20:41 / Allies) Ze.Rath3isaFaig: wards down now
(21:06 / Allies) Ze.Rath3isaFaig: tp to me now and counter green?
(21:08 / Allies) Ze.Rath3isaFaig: tp to me now
(21:17 / Allies) Ze.Rath3isaFaig: goign
(21:32 / All) lP-ll-lVl-lP: faggot dl got lucky
(22:04 / Allies) Ze.Rath3isaFaig: we hit here
(22:09 / Allies) Ze.Rath3isaFaig: or human?
(22:11 / Allies) Ze.Rath3isaFaig: your call knife
(22:18 / Allies) KNIFE]NOOBELF: yes
(22:32 / Allies) Ze.Rath3isaFaig: \
(22:33 / Allies) Ze.Rath3isaFaig: RUN ORNAGE
(22:35 / Allies) Ze.Rath3isaFaig: OR TP OUT
(22:38 / Allies) Ze.Rath3isaFaig: TPO OUT NOW
(22:39 / Allies) Ze.Rath3isaFaig: TP OUT
(22:41 / Allies) Ze.Rath3isaFaig: GET OUT
(22:41 / Allies) Ze.Rath3isaFaig: NOW
(22:43 / Allies) KNIFE]NOOBELF: attack
(22:44 / Allies) Ze.Rath3isaFaig: omfg
(22:51 / Allies) Ze.Rath3isaFaig: come
(22:53 / Allies) Ze.Rath3isaFaig: god you fail so much
(23:14 / Allies) Ze.Rath3isaFaig: meet we fight hea don
(23:22 / Allies) Ze.Rath3isaFaig: GOGO
(24:12 / All) Ibos.: my allies blow
(24:17 / All) Ze.Rath3isaFaig: you goign to rape me?
(24:24 / All) Ibos.: i fucked orc all the game and they dont do anything
(24:25 / All) Ze.Rath3isaFaig: we still think you map hack
(24:28 / Allies) KNIFE]NOOBELF: im shocked
(24:30 / Allies) Lezenfor: GOLD
(24:30 / All) Ibos.: idc
(24:35 / Allies) Ze.Rath3isaFaig: todl you lust rapes knife lol
(24:40 / Allies) Ze.Rath3isaFaig: casters carried us
(24:43 / Allies) Lezenfor: GODL
(24:44 / Allies) lP-ll-lVl-lP: i had lust